Map: Orbital Shipyard

Players

xKawaiian

  • Race: Terran Terran
  • League: Master

llllllllllll - Winner!

  • Race: Zerg Zerg
  • League: Grandmaster

VOD

Have the link to the VOD?

Description

Time

  • Played on: Jan. 10, 2016, 11:27 a.m.
  • Length: 7:25
Show
View Real Time Build Order
Export as new Build Order

xKawaiian Terran 

Build Orders: Reaper Expand 

Get SALT Encoding   

  12  0:00  SCV  
  13  0:12  SCV  
  14  0:17  Supply Depot  
  14  0:25  SCV  
  15  0:39  SCV, Barracks  
  16  0:45  Refinery  
  16  0:51  SCV  
  17  1:03  SCV  
  18  1:15  SCV  
  19  1:27  Orbital Command  
  19  1:29  Reaper  
  20  1:40  Command Center  
  20  1:53  SCV, Supply Depot  
  21  2:02  Barracks Reactor  
  21  2:05  SCV  
  21  2:06  Barracks  
  22  2:18  SCV  
  22  2:20  Barracks  
  23  2:30  SCV  
  24  2:39  Marine x2  
  24  2:42  SCV  
  27  2:52  Orbital Command  
  27  2:54  SCV  
  27  2:55  Barracks Tech Lab  
  27  2:57  Marine x2  
  30  3:06  SCV  
  30  3:09  Refinery, Marine  
  30  3:10  Factory  
  32  3:14  Stimpack  
  32  3:15  Marine  
  32  3:16  Marine  
  32  3:18  SCV x2  
  36  3:22  Marine  
  37  3:27  Marine  
  37  3:29  Supply Depot  
  37  3:30  SCV  
  37  3:32  Marine  
  37  3:33  Marine  
  41  3:35  SCV  
  42  3:42  SCV  
  42  3:43  Marine  
  42  3:45  Marine  
  42  3:47  SCV  
  46  3:50  Marine  
  46  3:54  SCV  
  48  3:55  Marine  
  48  3:57  Starport  
  48  3:58  Factory Reactor  
  48  3:59  SCV  
  48  4:01  Marine  
  51  4:06  SCV  
  51  4:07  Barracks Reactor, Engineering Bay  
  52  4:11  SCV  
  52  4:15  Supply Depot, Marine  
  54  4:22  Supply Depot  
  54  4:25  SCV  
  54  4:28  SCV  
  56  4:31  Marine  
  56  4:37  SCV  
  58  4:38  Marine x2  
  58  4:39  Medivac  
  58  4:40  Medivac  
  58  4:42  Missile Turret  
  58  4:45  Missile Turret  
  64  4:46  SCV  
  64  4:50  Marine  
  66  4:53  Marine  
  66  4:54  Supply Depot  
  66  4:55  Factory Reactor  
  66  4:56  Marine  
  68  5:02  Marine x2  
  68  5:03  SCV  
  71  5:12  Barracks  
  71  5:13  Barracks  
  71  5:16  Marine x3  
  74  5:21  Refinery  
  74  5:22  Medivac  
  74  5:25  Medivac  
  78  5:29  SCV  
  78  5:31  Refinery  
  78  5:34  SCV, Marine, Supply Depot  
  81  5:36  Marine  
  81  5:38  Marine  
  81  5:39  Marine  
  81  5:40  Marine  
  64  5:58  Marine x2  
  64  6:00  Medivac x2  
  64  6:01  Hellion x2  
  74  6:05  Marine x2  
  74  6:06  Marine  
  74  6:07  Marine  
  74  6:09  Marine  
  76  6:12  SCV x2  
  76  6:15  Marine  
  76  6:16  Supply Depot, Marine  
  80  6:18  Supply Depot  
  80  6:23  Marine  
  80  6:24  SCV  
  80  6:25  SCV  
  83  6:27  Marine x4  
  87  6:33  Marine  
  87  6:34  Marine  
  87  6:36  Supply Depot  
  89  6:40  Marine  
  89  6:45  Marine x2  
  89  6:47  Marine x2  
  97  7:00  Marine  
  87  7:22  Barracks Reactor x2  
Show
View Real Time Build Order
Export as new Build Order

llllllllllll Zerg - Winner!

Build Orders: Hatch First, Muta Ling Bane 

Get SALT Encoding   

  12  0:01  Drone  
  13  0:09  Drone  
  14  0:18  Overlord  
  14  0:30  Drone, Extractor  
  15  0:37  Drone x2  
  17  0:52  Hatchery  
  17  0:55  Drone  
  17  1:09  Spawning Pool  
  16  1:12  Drone  
  16  1:15  Drone  
  16  1:18  Drone  
  19  1:20  Extractor  
  18  1:28  Drone  
  19  1:38  Overlord  
  19  1:50  Drone  
  20  1:55  Queen  
  20  2:00  Zergling x2  
  23  2:04  Drone  
  23  2:05  Queen  
  26  2:11  Drone  
  26  2:15  Drone  
  28  2:21  Drone  
  28  2:22  Metabolic Boost  
  29  2:28  Drone  
  30  2:31  Extractor, Queen  
  30  2:35  Spore Crawler  
  30  2:39  Drone  
  30  2:40  Drone  
  32  2:49  Overlord  
  32  2:50  Drone  
  34  2:54  Drone  
  35  2:59  Overlord  
  35  3:01  Lair  
  35  3:05  Zergling x2  
  36  3:07  Extractor  
  36  3:10  Zergling x2  
  36  3:11  Drone  
  37  3:15  Drone x5  
  37  3:19  Drone  
  43  3:24  Drone  
  44  3:32  Extractor  
  44  3:33  Drone  
  44  3:42  Overlord, Drone  
  44  3:43  Drone x2  
  44  3:44  Drone  
  44  3:46  Drone  
  49  3:50  Drone  
  50  3:56  Drone  
  50  4:01  Drone, Spire  
  51  4:08  Hatchery  
  50  4:13  Drone x2  
  50  4:15  Spine Crawler  
  50  4:16  Extractor  
  50  4:17  Drone x2, Spine Crawler  
  51  4:25  Drone x2  
  51  4:26  Baneling Nest  
  51  4:28  Drone  
  53  4:33  Overlord x2  
  53  4:36  Zergling x4  
  55  4:45  Zergling x8  
  60  5:00  Zergling x6  
  62  5:12  Centrifical Hooks  
  62  5:14  Overlord  
  62  5:15  Overlord  
  62  5:16  Zergling x10  
  62  5:19  Baneling x4  
  67  5:25  Mutalisk  
  67  5:26  Mutalisk x2  
  73  5:31  Mutalisk x2  
  73  5:34  Drone  
  78  5:37  Overlord  
  78  5:38  Mutalisk  
  78  5:41  Zergling x4  
  78  5:42  Zergling x4  
  72  6:00  Mutalisk x2  
  72  6:02  Drone x7  
  72  6:04  Drone x3  
  82  6:12  Drone  
  82  6:13  Zergling x6  
  86  6:19  Baneling x2  
  86  6:20  Drone x3  
  86  6:21  Queen  
  86  6:23  Extractor  
  90  6:27  Zergling x4  
  90  6:31  Zergling x2  
  93  6:34  Baneling x3  
  93  6:35  Zergling x2  
  94  6:41  Zergling x10  
  101  6:47  Zergling x12  
  101  6:53  Zergling x2  
  106  6:58  Extractor  
  105  7:03  Zergling x2  
  103  7:24  Evolution Chamber  
Tags
 
Add a new tag
Caveats
  • Supply blocks, unpowered buildings, or Contaminate may cause inaccurate times.
  • Supply counts are checked every 10 seconds.